 Dungeon Crawl Stone Soup version 0.22-a0-78-g0f8607c (console) character file.

78 Evablue the Shield-Bearer (level 4, 0/37 HPs)
             Began as a Formicid Fighter on Jan 17, 2018.
             Slain by Crazy Yiuf
             ... wielding a +4 quarterstaff of chaos
              (1 damage)
             ... on level 2 of the Dungeon.
             The game lasted 00:02:14 (1467 turns).

Evablue the Shield-Bearer (Formicid Fighter)        Turns: 1467, Time: 00:02:17

Health: 0/37       AC:  7    Str: 21    XL:     4   Next: 61%
Magic:  4/4        EV:  8    Int:  8    God:
Gold:   100        SH:  9    Dex: 10    Spells: 3/3 levels left

rFire    . . .     SeeInvis +   a - +0 war axe
rCold    . . .     Gourm    .   c - +0 shield
rNeg     . . .     Faith    .   b - +0 scale mail
rPois    .         Spirit   .   (helmet unavailable)
rElec    .         Reflect  .   (no cloak)
rCorr    .         Harm     .   (no gloves)
MR       .....                  (no boots)
Stlth    ..........             (no amulet)
HPRegen  0.12/turn              (no ring)
MPRegen  0.09/turn              (no ring)

@: lethally poisoned (0 -> -14)
A: permanent stasis, dig shafts and tunnels, four strong arms, antennae 3
a: Dig, Shaft Self


You were on level 2 of the Dungeon.
You were hungry.

You visited 1 branch of the dungeon, and saw 2 of its levels.

You collected 100 gold pieces.

Inventory:

Hand Weapons
 a - a +0 war axe (weapon)
Armour
 b - a +0 scale mail (worn)
 c - a +0 shield (worn)
Jewellery
 r - an uncursed ring of poison resistance {unknown}
Scrolls
 e - a scroll of fog {unknown}
 g - a scroll of enchant weapon {unknown}
 h - a scroll of identify {unknown}
 j - a scroll of noise {unknown}
 n - 2 scrolls of remove curse {unknown}
 o - a scroll of fear {unknown}
 q - 2 scrolls of teleportation {unknown}
Potions
 d - a potion of might
 i - a potion of agility {unknown}
 k - a potion of mutation {unknown}
 l - a potion of degeneration {unknown}
 m - 3 potions of curing {unknown}
 p - 3 potions of heal wounds {unknown}
 s - a potion of invisibility
 t - a potion of berserk rage {unknown}
 u - a potion of lignification {unknown}
 v - 2 potions of flight {unknown}
Comestibles
 f - 4 rations


   Skills:
 + Level 3.6 Fighting
 + Level 3.2 Axes
 + Level 3.8 Armour
 + Level 0.8 Dodging
 + Level 4.1 Shields


You had 3 spell levels left.
You didn't know any spells.

Dungeon Overview and Level Annotations

Branches:
Dungeon (2/15)

Altars:
Ru

Annotations:
D:2 Crazy Yiuf


Innate Abilities, Weirdness & Mutations

You cannot be hasted, slowed, berserked, paralysed or teleported.
You can dig through walls and to a lower floor.
Your four strong arms can wield two-handed weapons with a shield.
You have a pair of large antennae on your head. (SInv)


Message History

Crazy Yiuf is heavily wounded.
You feel sick.
Crazy Yiuf twirls on the spot.
Crazy Yiuf hits you with a quarterstaff of chaos.
* * * LOW HITPOINT WARNING * * *
Crazy Yiuf draws strength from your wounds!
You hit Crazy Yiuf but do no damage.
Crazy Yiuf is moderately wounded.
You feel sick.
Crazy Yiuf hits you with a quarterstaff of chaos.
* * * LOW HITPOINT WARNING * * *
You are lethally poisoned!
You closely miss Crazy Yiuf.
Crazy Yiuf is moderately wounded.
* * * LOW HITPOINT WARNING * * *
You feel sick.
Crazy Yiuf hits you with a quarterstaff of chaos.
* * * LOW HITPOINT WARNING * * *
Crazy Yiuf burns you.
You die...

########.....###########.#
#..........### #......
#...######## #...... #...#
#...... #...# #####
#...... #...# #)..#
#...... #...# #...#
#...... ##### #.g.#
######...... #@#
#........... ♣.♣♣
#.########## ♣♣.♣ #.# ♣.♣♣
#.# ♣♣.♣ #.# ♣♣.♣♣ #.#
♣♣...♣ #.# ♣.PP.♣ #.#
#....# #.#


You could see Crazy Yiuf.

Vanquished Creatures
  An adder (D:2)
  2 oozes
  2 worms (D:2)
  A dart slug (D:1)
  A leopard gecko (D:1)
  3 giant cockroaches (D:1)
  8 goblins
  11 hobgoblins
  7 kobolds
  A ball python (D:1)
  4 bats
  2 frilled lizards
  5 rats
  A bush (D:1)
49 creatures vanquished.

Notes
Turn   | Place    | Note
-------+----------+-------------------------------------------
     0 | D:1      | Evablue the Formicid Fighter began the quest for the Orb.
     0 | D:1      | Reached XP level 1. HP: 18/18 MP: 1/1
   115 | D:1      | Reached XP level 2. HP: 16/24 MP: 2/2
   210 | D:1      | Reached XP level 3. HP: 23/29 MP: 3/3
   884 | D:2      | Found a sacrificial altar of Ru.
   941 | D:2      | Reached skill level 4 in Shields
   966 | D:2      | Reached XP level 4. HP: 27/36 MP: 4/4
  1323 | D:2      | Found a runed door.
  1455 | D:2      | Noticed Crazy Yiuf
  1467 | D:2      | HP: 1/37 [Crazy Yiuf/quarterstaff of chaos (2)]
  1467 | D:2      | Slain by Crazy Yiuf

Vault maps used:
D:1:      lightli_arrival_flooded_house, serial_forest,
          infiniplex_forest_lined_ring, infiniplex_forest_end_2,
          infiniplex_forest_clump_small, infiniplex_forest_lined_ring,
          infiniplex_forest_zigzag_2, st_stairs_12, minivault_25,
          minmay_three_crescents
D:2:      nicolae_ru_sacrificial_ziggurat, uniq_crazy_yiuf_cottage

Skill      XL: |  1  2  3  4 |
---------------+-------------+-----
Shields        | 4 |  4.1
Axes           | 3 |  3.2
Fighting       | |  3.6
Armour         | |  3.8
Dodging        | |  0.8

Action                   |  1- 3 |  4- 6 || total
-------------------------+-------+-------++-------
Melee: War axe           |   140 |    52 ||   192
 Abil: Dig               |     1 |       ||     1
  Eat: Chunk             |     1 |     1 ||     2
Armor: Scale mail        |    58 |    15 ||    73
Dodge: Dodged            |    38 |    14 ||    52
Block: Shield            |    56 |    26 ||    82

Table legend:
 A = Spawn XP
 B = Non-spawn XP
 C = Spawn XP percentage of total XP
 D = Spawn monster count
 E = Non-spawn monster count
 F = Spawn count percentage of total count
 G = Total turns spent on level
                    A         B        C        D         E        F      G
               +---------+---------+-------+---------+---------+-------+---------
         Total |       0 |     112 |   0.0 |       0 |      48 |   0.0 |  1467
               +---------+---------+-------+---------+---------+-------+---------
           D:1 |       0 |      48 |   0.0 |       0 |      26 |   0.0 |   849
           D:2 |       0 |      64 |   0.0 |       0 |      22 |   0.0 |   618
               +---------+---------+-------+---------+---------+-------+---------
